 Dungeon Crawl Stone Soup version 0.22.1-1-ga44c0e5 (webtiles) character file.

8265 Harpaggios the Martial Artist (level 11, -13/99 HPs)
             Began as a Gnoll Transmuter on Oct 23, 2018.
             Was a Priest of Yredelemnul.
             Killed from afar by a storm dragon (17 damage)
             ... with a bolt of lightning
             ... on level 1 of the Lair of Beasts on Oct 25, 2018.
             The game lasted 01:14:50 (10515 turns).

Harpaggios the Martial Artist (Gnoll Transmuter)   Turns: 10515, Time: 01:14:50

Health: -13/99     AC:  7    Str: 11    XL:     11   Next: 28%
Magic:  14/22      EV: 17    Int: 17    God:    Yredelemnul [***...]
Gold:   543        SH:  0    Dex: 17    Spells: 12/25 levels left

rFire    x . .     SeeInvis .     - Unarmed
rCold    + + +     Gourm    .   (shield currently unavailable)
rNeg     . . .     Faith    .   (armour currently unavailable)
rPois    +         Spirit   .   (helmet currently unavailable)
rElec    .         Reflect  .   (cloak currently unavailable)
rCorr    +         Harm     .   (gloves currently unavailable)
MR       .....                  (boots currently unavailable)
Stlth    +++.......             (no amulet)
HPRegen  0.26/turn              o - +2 ring of evasion
MPRegen  0.18/turn              f - ring of resist corrosion

@: ice-form, very slightly contaminated
A: large, distributed training, weak 1, wild magic 1, strong nose
a: End Transformation, Recall Undead Slaves, Injury Mirror, Animate Dead,
Renounce Religion


You were on level 1 of the Lair of Beasts.
You worshipped Yredelemnul.
Yredelemnul was most pleased with you.
You were hungry.
You were a creature of crystalline ice.
You visited 3 branches of the dungeon, and saw 13 of its levels.

You collected 543 gold pieces.

Inventory:

Missiles
 a - 76 arrows
Armour
 b - a +1 robe
 e - a +2 helmet (melded)
 w - a scarf of resistance (melded)
 x - a +0 leather armour of positive energy (melded)
Magical Staves
 v - an uncursed staff of power
Jewellery
 f - a ring of resist corrosion (right front paw)
 o - a +2 ring of evasion (left front paw)
Wands
 j - a wand of disintegration (9)
 n - a wand of random effects (17)
 r - a wand of clouds (9)
 s - a wand of digging (4)
 t - a wand of paralysis (7)
 y - a wand of polymorph (39)
 z - a wand of flame (19)
Scrolls
 g - 5 scrolls of remove curse
 k - 5 scrolls of teleportation
 m - 2 scrolls of enchant armour
 p - 2 scrolls of enchant weapon
 q - 4 scrolls of identify
 B - a scroll of fog
 D - a scroll of noise {unknown}
Potions
 c - a potion of curing
 h - 3 potions of magic
 i - 3 potions of brilliance
 l - a potion of flight
 u - 2 potions of haste
 A - a potion of agility
 C - 2 potions of might
Comestibles
 d - 15 rations


   Skills:
 + Level 6.6 Fighting
 + Level 6.0 Short Blades
 + Level 6.0 Long Blades
 + Level 6.0 Axes
 + Level 6.0 Maces & Flails
 + Level 6.0 Polearms
 + Level 6.0 Staves
 + Level 6.0 Slings
 + Level 6.0 Bows
 + Level 6.0 Crossbows
 + Level 6.0 Throwing
 + Level 6.0 Armour
 + Level 7.6 Dodging
 + Level 6.0 Stealth
 + Level 6.0 Shields
 + Level 9.0 Unarmed Combat
 + Level 7.9 Spellcasting
 + Level 5.0 Conjurations
 + Level 5.0 Hexes
 + Level 5.0 Charms
 + Level 5.0 Summonings
 + Level 5.0 Necromancy
 + Level 5.0 Translocations
 + Level 6.3 Transmutations
 + Level 5.0 Fire Magic
 + Level 5.0 Ice Magic
 + Level 5.0 Air Magic
 + Level 5.0 Earth Magic
 + Level 5.0 Poison Magic
 + Level 6.6 Invocations
 + Level 6.0 Evocations


You had 12 spell levels left.
You knew the following spells:

 Your Spells              Type           Power        Failure   Level  Hunger
a - Beastly Appendage     Tmut           #####.       1%          1    None
b - Sticks to Snakes      Tmut           #####...     2%          2    None
c - Spider Form           Tmut/Pois      ####......   5%          3    #......
d - Ice Form              Ice/Tmut       ####....     14%         4    ###....
e - Magic Dart            Conj           ####         2%          1    None
f - Blink                 Tloc           N/A          3%          2    None

Your spell library contained the following spells:

 Spells                   Type           Power        Failure   Level  Hunger
 Call Imp                 Summ           ####....     3%          2    None
 Slow                     Hex            ####....     3%          2    None
 Conjure Flame            Conj/Fire      ####....     7%          3    #......
 Mephitic Cloud           Conj/Pois/Air  ####....     7%          3    #......
 Blade Hands              Tmut           #####.....   30%         5    #####..


Dungeon Overview and Level Annotations

Branches:
Dungeon (11/15)            Temple (1/1) D:4            Lair (1/6) D:9
    Orc (0/2) D:9

Altars:
Ashenzari
Cheibriados
Dithmenos
Elyvilon
Fedhas
Gozag
Hepliaklqana
Kikubaaqudgha
Makhleb
Nemelex Xobeh
Qazlal
Ru
Sif Muna
Trog
Uskayaw
Vehumet
Wu Jian
Yredelemnul
Zin
The Shining One

Shops:
D:7 }

Annotations:
D:10 1 transporter, mandick's ghost, journeyman DrTm
D:11 Erica
Lair:1 exclusion: hydra


Innate Abilities, Weirdness & Mutations

Your experience applies equally to all skills.
((You have very sharp teeth.))
Your uncanny sense of smell can sniff out nearby items.
((You are partially covered in molten scales. (AC +2)))
You are weak. (Str -2)
Your spells are a little harder to cast, but a little more powerful.


Message History

Your spiny frog zombie hits the storm dragon.
Your spiny frog zombie hits the storm dragon but does no damage.
The storm dragon bites you but does no damage.
The storm dragon claws you!
* * * LOW HITPOINT WARNING * * *
The storm dragon tramples you.
* * * LOW HITPOINT WARNING * * *
You stumble backwards!
Evoke which item? (* to show all) (? for menu, Esc to quit)
Okay, then.
Okay, then.
Evoke which item? (* to show all) (? for menu, Esc to quit)
Aiming: Paralyse
Press: ? - help, Shift-Dir - straight line, f/p - storm dragon
Aim: a storm dragon (lightly wounded, chance to defeat MR: 6%)
The storm dragon resists with almost no effort.
The storm dragon breathes lightning at you.
The bolt of lightning hits you!
You die...
Your body rises from the dead as a mindless zombie.

####.....#..#.......#
.........#..#.......#
............#.......#
#######.....#.......#
## #..#..#.......# .#
#..P.>........# ##
#....#...<....# #
#.............## #
#.........Y....# ###
##..........D..##
.P####P.......#.P#..#
..............#..#Z.#
..............#.....##
###.##.#......#......#
........#.....#..#..P#
........#.....#..#..##
........#.....#..#..#


You could see a storm dragon and a friendly spiny frog zombie.

Vanquished Creatures
  An unseen horror (D:10)
  Pikel (D:8)
  A spiny frog (Lair:1)
  A hippogriff (D:9)
  A wyvern (D:8)
  4 yaks (Lair:1)
  3 porcupines
  4 sky beasts
  3 ice beasts
  4 orc warriors
  4 black bears
  A phantom (D:5)
  3 ogres
  A necrophage (D:6)
  A slave (D:8)
  2 crocodiles
  3 centaurs
  8 bullfrogs
  A wyvern zombie (D:9)
  A scorpion (D:9)
  A water moccasin skeleton (D:9)
  6 killer bees (D:9)
  2 howler monkeys
  3 crimson imps
  3 jellies
  9 orc priests
  A quasit (D:7)
  A bullfrog zombie (D:8)
  6 orc wizards
  2 bullfrog skeletons
  7 hounds
  An iguana (D:8)
  Natasha (thrice) (D:4)
  6 worker ants
  A hound zombie (D:7)
  Robin (D:2)
  A worker ant zombie (D:6)
  7 adders
  2 shadow imps
  An adder zombie (D:7)
  2 dart slugs
  2 worms
  6 leopard geckos
  37 orcs
  A ball python (D:2)
  11 bats
  5 giant cockroaches
  13 goblins
  13 hobgoblins
  13 jackals
  A quokka (D:9)
  4 frilled lizards
  12 kobolds
  A leopard gecko skeleton (D:9)
  A quokka zombie (D:9)
  8 rats
242 creatures vanquished.

Vanquished Creatures (collateral kills)
  A two-headed ogre (D:8)
  A centaur zombie (D:10)
  Joseph (D:8)
  A meliai (D:8)
  A hungry ghost (D:7)
  2 porcupines
  An orc warrior (D:6)
  An ice beast (D:7)
  2 ogres
  A crocodile (D:9)
  A bullfrog (D:9)
  An orc priest (D:7)
  An ooze (D:2)
  A leopard gecko (D:9)
  5 orcs
  2 goblins (D:2)
  A leopard gecko zombie (D:7)
  A fungus (D:9)
  3 plants (D:9)
28 creatures vanquished.

Vanquished Creatures (others)
  A hippogriff zombie (D:9)
  A human zombie (D:8)
  A centaur zombie (D:8)
  A killer bee zombie (D:9)
  2 sky beast zombies (D:10)
  An ogre zombie (D:9)
  A hound zombie (D:9)
  A hound skeleton (D:9)
  A worker ant zombie (D:9)
  An iguana zombie (D:8)
  6 orc zombies
  A quokka zombie (D:9)
  28 fungi (D:9)
  12 plants (D:9)
58 creatures vanquished.

Grand Total: 328 creatures vanquished

Notes
Turn   | Place    | Note
-------+----------+-------------------------------------------
     0 | D:1      | Harpaggios the Gnoll Transmuter began the quest for the
                  | Orb.
     0 | D:1      | Reached XP level 1. HP: 17/17 MP: 6/6
    90 | D:1      | Reached XP level 2. HP: 19/23 MP: 7/7
   218 | D:1      | Learned a level 2 spell: Sticks to Snakes
   269 | D:1      | Reached XP level 3. HP: 28/28 MP: 7/9
   276 | D:1      | Reached skill level 5 in Spellcasting
   686 | D:2      | Reached skill level 1 in Invocations
   735 | D:2      | Reached skill level 1 in Short Blades
   735 | D:2      | Reached skill level 1 in Long Blades
   735 | D:2      | Reached skill level 1 in Axes
   735 | D:2      | Reached skill level 1 in Maces & Flails
   735 | D:2      | Reached skill level 1 in Polearms
   735 | D:2      | Reached skill level 1 in Staves
   735 | D:2      | Reached skill level 1 in Slings
   735 | D:2      | Reached skill level 1 in Bows
   735 | D:2      | Reached skill level 1 in Crossbows
   735 | D:2      | Reached skill level 1 in Throwing
   735 | D:2      | Reached skill level 1 in Armour
   735 | D:2      | Reached skill level 1 in Stealth
   735 | D:2      | Reached skill level 1 in Shields
   735 | D:2      | Reached skill level 1 in Evocations
   747 | D:2      | Reached XP level 4. HP: 22/34 MP: 11/11
   784 | D:2      | Noticed Robin
   816 | D:2      | Killed Robin
  1166 | D:2      | Learned a level 3 spell: Spider Form
  1274 | D:2      | Found an opulent altar of Gozag.
  1315 | D:2      | Reached skill level 1 in Conjurations
  1315 | D:2      | Reached skill level 1 in Hexes
  1315 | D:2      | Reached skill level 1 in Charms
  1315 | D:2      | Reached skill level 1 in Summonings
  1315 | D:2      | Reached skill level 1 in Necromancy
  1315 | D:2      | Reached skill level 1 in Translocations
  1315 | D:2      | Reached skill level 1 in Fire Magic
  1315 | D:2      | Reached skill level 1 in Ice Magic
  1315 | D:2      | Reached skill level 1 in Air Magic
  1315 | D:2      | Reached skill level 1 in Earth Magic
  1315 | D:2      | Reached skill level 1 in Poison Magic
  1593 | D:2      | Reached XP level 5. HP: 40/40 MP: 10/12
  1792 | D:2      | Found a bloodstained altar of Trog.
  2675 | D:4      | Reached XP level 6. HP: 47/47 MP: 13/13
  2836 | D:4      | Found a staircase to the Ecumenical Temple.
  2856 | D:4      | Reached skill level 5 in Dodging
  2863 | Temple   | Entered the Ecumenical Temple
  2920 | Temple   | Became a worshipper of Yredelemnul the Dark
  3014 | D:4      | Noticed Natasha
  3022 | D:4      | Killed Natasha
  3240 | D:4      | Noticed Natasha
  3247 | D:4      | Killed Natasha
  3501 | D:4      | Noticed Natasha
  3511 | D:4      | Killed Natasha
  3606 | D:5      | Entered Level 5 of the Dungeon
  3644 | D:5      | Reached XP level 7. HP: 52/52 MP: 15/15
  3695 | D:5      | Found a deep blue altar of Sif Muna.
  3701 | D:5      | Reached skill level 7 in Unarmed Combat
  3770 | D:5      | Found a shadowy altar of Dithmenos.
  4268 | D:6      | Reached XP level 8. HP: 47/60 MP: 13/16
  4597 | D:6      | Found an ornate altar of the Wu Jian Council.
  4597 | D:6      | Found a snail-covered altar of Cheibriados.
  4863 | D:6      | Reached * piety under Yredelemnul
  5230 | D:7      | Found Atadyne's Gadget Shoppe.
  5471 | D:7      | Found a shattered altar of Ashenzari.
  5509 | D:7      | Reached XP level 9. HP: 46/66 MP: 6/18
  5512 | D:7      | Reached skill level 5 in Transmutations
  6076 | D:7      | Found a hide-covered altar of Uskayaw.
  6214 | D:8      | Reached ** piety under Yredelemnul
  6333 | D:8      | Learned a level 4 spell: Ice Form
  6344 | D:8      | Noticed Joseph
  6357 | D:8      | Killed Joseph
  6357 | D:8      | Reached skill level 5 in Fighting
  6426 | D:8      | Noticed a two-headed ogre
  6437 | D:8      | Killed a two-headed ogre
  6437 | D:8      | Reached skill level 8 in Unarmed Combat
  6663 | D:8      | Reached skill level 5 in Invocations
  6738 | D:8      | Noticed Pikel
  6759 | D:8      | Killed Pikel
  6759 | D:8      | Reached XP level 10. HP: 59/74 MP: 9/20
  6855 | D:8      | Gained mutation: You are partially covered in yellow
                  | scales. (AC +2) [potion of mutation]
  6855 | D:8      | Gained mutation: You have a pair of small antennae on your
                  | head. [potion of mutation]
  6877 | D:8      | Lost mutation: You have a pair of small antennae on your
                  | head. [potion of mutation]
  6877 | D:8      | Lost mutation: You are partially covered in yellow scales.
                  | (AC +2) [potion of mutation]
  6877 | D:8      | Gained mutation: Your spells are a little harder to cast,
                  | but a little more powerful. [potion of mutation]
  6877 | D:8      | Gained mutation: You are weak. (Str -2) [potion of
                  | mutation]
  6877 | D:8      | Gained mutation: You are partially covered in molten
                  | scales. (AC +2) [potion of mutation]
  7025 | D:8      | Your ally Joseph died
  7282 | D:8      | Found a white marble altar of Elyvilon.
  7654 | D:9      | Reached skill level 5 in Short Blades
  7654 | D:9      | Reached skill level 5 in Long Blades
  7654 | D:9      | Reached skill level 5 in Axes
  7654 | D:9      | Reached skill level 5 in Maces & Flails
  7654 | D:9      | Reached skill level 5 in Polearms
  7654 | D:9      | Reached skill level 5 in Staves
  7654 | D:9      | Reached skill level 5 in Slings
  7654 | D:9      | Reached skill level 5 in Bows
  7654 | D:9      | Reached skill level 5 in Crossbows
  7654 | D:9      | Reached skill level 5 in Throwing
  7654 | D:9      | Reached skill level 5 in Armour
  7654 | D:9      | Reached skill level 5 in Stealth
  7654 | D:9      | Reached skill level 5 in Shields
  7654 | D:9      | Reached skill level 5 in Evocations
  7725 | D:9      | Found a staircase to the Orcish Mines.
  7743 | D:9      | Learned a level 1 spell: Magic Dart
  7746 | D:9      | Learned a level 2 spell: Blink
  7838 | D:9      | Reached *** piety under Yredelemnul
  8179 | D:9      | Found a staircase to the Lair.
  8557 | D:10     | Entered Level 10 of the Dungeon
  8977 | D:10     | Found a transporter.
  8980 | D:10     | Noticed mandick's ghost (journeyman DrTm)
  8983 | D:10     | Noticed a two-headed ogre
  8985 | D:10     | Noticed a two-headed ogre
  8992 | D:10     | Noticed a two-headed ogre
  9144 | D:10     | Killed an unseen horror
  9144 | D:10     | Reached XP level 11. HP: 30/83 MP: 20/22
  9748 | D:11     | Noticed Erica
  9770 | Lair:1   | Entered Level 1 of the Lair of Beasts
  9928 | Lair:1   | Reached skill level 9 in Unarmed Combat
  9951 | Lair:1   | Reached skill level 5 in Conjurations
  9951 | Lair:1   | Reached skill level 5 in Hexes
  9951 | Lair:1   | Reached skill level 5 in Charms
  9951 | Lair:1   | Reached skill level 5 in Summonings
  9951 | Lair:1   | Reached skill level 5 in Necromancy
  9951 | Lair:1   | Reached skill level 5 in Translocations
  9951 | Lair:1   | Reached skill level 5 in Fire Magic
  9951 | Lair:1   | Reached skill level 5 in Ice Magic
  9951 | Lair:1   | Reached skill level 5 in Air Magic
  9951 | Lair:1   | Reached skill level 5 in Earth Magic
  9951 | Lair:1   | Reached skill level 5 in Poison Magic
 10070 | Lair:1   | Noticed a five-headed hydra
 10495 | Lair:1   | Noticed a six-headed hydra
 10503 | Lair:1   | Noticed a storm dragon
 10503 | Lair:1   | a six-headed hydra changed into a storm dragon
 10512 | Lair:1   | HP: 4/99 [storm dragon (9)]
 10515 | Lair:1   | Killed from afar by a storm dragon

Skill      XL: |  1  2  3  4  5  6  7  8  9 10 11 |
---------------+----------------------------------+-----
Spellcasting   | 5 6 7 |  7.9
Invocations    | 1 2 3 4 5 6 |  6.6
Short Blades   | 1 2 3 4 5 6 |  6.0
Long Blades    | 1 2 3 4 5 6 |  6.0
Axes           | 1 2 3 4 5 6 |  6.0
Maces & Flails | 1 2 3 4 5 6 |  6.0
Polearms       | 1 2 3 4 5 6 |  6.0
Staves         | 1 2 3 4 5 6 |  6.0
Slings         | 1 2 3 4 5 6 |  6.0
Bows           | 1 2 3 4 5 6 |  6.0
Crossbows      | 1 2 3 4 5 6 |  6.0
Throwing       | 1 2 3 4 5 6 |  6.0
Armour         | 1 2 3 4 5 6 |  6.0
Stealth        | 1 2 3 4 5 6 |  6.0
Shields        | 1 2 3 4 5 6 |  6.0
Evocations     | 1 2 3 4 5 6 |  6.0
Conjurations   | 1 2 3 4 5 |  5.0
Hexes          | 1 2 3 4 5 |  5.0
Charms         | 1 2 3 4 5 |  5.0
Summonings     | 1 2 3 4 5 |  5.0
Necromancy     | 1 2 3 4 5 |  5.0
Translocations | 1 2 3 4 5 |  5.0
Fire Magic     | 1 2 3 4 5 |  5.0
Ice Magic      | 1 2 3 4 5 |  5.0
Air Magic      | 1 2 3 4 5 |  5.0
Earth Magic    | 1 2 3 4 5 |  5.0
Poison Magic   | 1 2 3 4 5 |  5.0
Fighting       | 3 4 5 6 |  6.6
Transmutations | 4 5 6 |  6.3
Dodging        | 5 6 7 |  7.6
Unarmed Combat | 7 8 9 |  9.0

Action                   |  1- 3 |  4- 6 |  7- 9 | 10-12 || total
-------------------------+-------+-------+-------+-------++-------
Melee: Unarmed           |    93 |   204 |   227 |   285 ||   809
       Kick              |     5 |    36 |    38 |    30 ||   109
       Bite              |     4 |    13 |    14 |    19 ||    50
       Headbutt          |     5 |       |       |       ||     5
       Punch             |     1 |     1 |     5 |     7 ||    14
 Cast: Beastly Appendage |    10 |    22 |    23 |    14 ||    69
       Sticks to Snakes  |       |     6 |    43 |    10 ||    59
       Spider Form       |       |     6 |     9 |     6 ||    21
       Magic Dart        |       |       |       |    55 ||    55
       Ice Form          |       |       |       |     4 ||     4
Invok: Animate Remains   |       |       |    13 |     4 ||    17
       Recall Undead Sla |       |       |     1 |     1 ||     2
       Animate Dead      |       |       |       |    11 ||    11
 Abil: End Transformatio |       |       |       |     1 ||     1
Evoke: Wand              |       |     5 |    10 |     3 ||    18
  Use: Scroll            |     5 |     3 |     3 |     3 ||    14
       Potion            |       |     4 |       |     7 ||    11
 Stab: Sleeping          |     1 |     1 |     1 |     4 ||     7
       Paralysed         |       |     3 |     1 |       ||     4
       Distracted        |       |       |       |     2 ||     2
  Eat: Chunk             |       |     9 |    11 |    14 ||    34
       Ration            |       |       |     1 |     1 ||     2
Armor: Robe              |    21 |    32 |    27 |       ||    80
       Skin              |       |     1 |     1 |    20 ||    22
       Leather armour    |       |       |       |    23 ||    23
Dodge: Dodged            |    67 |   119 |   151 |   224 ||   561
